[Event "Late-Titled-Tuesday-Blitz-August-29-2023"]
[Site "Chess.com"]
[Date "2023.08.29"]
[Round "8"]
[White "ToddBryant"]
[Black "laskakid"]
[Result "0-1"]
[WhiteElo "2338"]
[BlackElo "2196"]
[TimeControl "180+1"]
[EndTime "15:28:18 PDT"]
[Termination "laskakid won by checkmate"]

1. e4 e5 2. f4 d5 3. exd5 exf4 4.
Nf3 Nf6 5. Nc3 Nxd5 6. Nxd5 Qxd5 7. d4 Nc6 8. Bxf4 Bg4 9. Bxc7 Bxf3 10. Qxf3 Qxf3 11. gxf3 Nxd4 12. O-O-O Rc8 13. Rxd4 Rxc7 14. Bb5+ Ke7 15. Re1+ Kf6 16. Rf4+ Kg5 17. Rg4+ Kf6 18. Rf4+ Kg5 19. Rd4 g6 20. h4+ Kf6 21. h5 Bh6+ 22. Kb1 Rc5 23. Rd6+ Kg7 24. Bd3 Rxh5 25. a4 Rh4 26. b3 Bd2 27. Re2 Bc3 28. Ka2 Rh1 29. b4 Bxb4 30. Rd7 Bc3 31. Kb3 Bf6 32. Kc4 Rc8+ 33. Kd5 Rh5+ 34. Ke4 Re8+ 35. Kf4 Rxe2 36. Bxe2 Ra5 37. Bc4 Rxa4 38. Rxf7+ Kh6 39. Rxf6 Rxc4+ 40. Kg3 Rxc2 41. Rf7 Rb2 42. Rc7 a5 43. Rc5 a4 44.
Ra5 Rb4 45. Kf2 b5 46. Ke2 Rb3 47. Kf2 a3 48. Kg3 b4 49. Kg4 Rb2 50. f4 a2 51.
Ra4 b3 52. Ra6 Rb1 53. f5 a1=Q 54. Re6 Rg1+ 55. Kf4 Qd4+ 56. Re4 Qf2+ 57. Ke5 Qc5+ 58. Ke6 Qxf5+ 59. Kd6 Qxe4 60. Kc5 Qe5+ 61. Kb6 Rg5 62.
Kb7 Qb5+ 63. Kc8 Rd5 64. Kc7 Qc5+ 65. Kb8 Rd8+ 66. Kb7 Rd7+ 67. Ka6 Ra7# 0-1

[Event "Late-Titled-Tuesday-Blitz-August-29-2023"]
[Site "Chess.com"]
[Date "2023.08.29"]
[Round "8"]
[White "tptagain"]
[Black "Ajedrez_con_German"]
[Result "1-0"]
[WhiteElo "2886"]
[BlackElo "2663"]
[TimeControl "180+1"]
[EndTime "15:28:20 PDT"]
[Termination "tptagain won on time"]

1. Nf3 Nf6 2. b3 e6 3. Bb2 b6 4. g3 Bb7 5. Bg2 Be7 6. O-O O-O 7. c4 c5 8. d4 cxd4 9. Qxd4 d5 10. Rd1 dxc4 11. bxc4 Nc6 12. Qxd8 Raxd8 13. Nbd2 Rd7 14. Nb3 Rxd1+ 15. Rxd1 Rd8 16. Rxd8+ Nxd8 17. Ne5 Bxg2 18. Kxg2 Bd6 19. Nd3 Nd7 20. e4 f6 21. f4 Nb7 22. e5 fxe5 23. fxe5 Bc5 24. Kf3 Kf7 25.
g4 Bg1 26. h4 Ndc5 27. Ndc1 Nd7 28. Ne2 Bc5 29. Kf4 Nb8 30. Nc3 Nc6 31. Ne4 Be7 32. h5 Nb4 33. Nc1 Nc5 34. Nxc5 Bxc5 35. Ke4 Nc6 36.
Nd3 Be7 37. Bd4 Nb4 38. Nc1 Nc6 39. Bc3 Bb4 40. Bb2 Bc5 41. a3 Na5 42. Kd3 Nc6 43. Nb3 Be7 44. a4 Bb4 45. Bd4 Ke7 46. Ke4 Kd7 47. c5 Kc7 48. cxb6+ axb6 49. Be3 Be7 50. Nc1 g6 51. hxg6 hxg6 52. Nd3 Nb4 53. Nf4 Kd7 54.
Nxg6 Bd8 55. g5 Nd5 56. Bd2 1-0

[Event "Late-Titled-Tuesday-Blitz-August-29-2023"]
[Site "Chess.com"]
[Date "2023.08.29"]
[Round "8"]
[White "stasOR4ik"]
[Black "biostatistician"]
[Result "1-0"]
[WhiteElo "2478"]
[BlackElo "2556"]
[TimeControl "180+1"]
[EndTime "15:28:20 PDT"]
[Termination "stasOR4ik won on time"]

1. c4 Nf6 2. Nc3 g6 3. g3 Bg7 4. Bg2 O-O 5. e4 c5 6. Nge2 Nc6 7. O-O d6 8. a3 Bg4 9. h3 Bxe2 10. Nxe2 Ne8 11.
Rb1 a5 12. b3 Nc7 13. Bb2 Ne6 14. Bxg7 Kxg7 15. f4 Ned4 16. d3 Nxe2+ 17. Qxe2 Nd4 18. Qb2 b6 19. b4 axb4 20. axb4 Ra4 21. bxc5 bxc5 22.
f5 Qa5 23. Rf2 Ra8 24. e5 Ra2 25. f6+ exf6 26. exf6+ Kh6 27. Qc1+ g5 28. Bxa8 Rxf2 29. Kxf2 Qxa8 30. Qd1 Qa2+ 31. Kg1 Ne2+ 32. Kh1 Nxg3+ 33. Kg1 Ne2+ 34. Kh1 Nf4 35. Qf1 Ne2 36. Qd1 Nf4 37. Qf1 Qd2 38. Rd1 Qe3 39. Kh2 Kg6 40. Re1 Qd2+ 41. Kh1 h5 42. h4 Nxd3 43. Re2 Qf4 44. Qb1 Qf3+ 45. Rg2 Kxf6 46. hxg5+ Ke5 47. Qa1+ Ke4 48. Kh2 Nf4 49. Qe1+ Kf5 50. Qb1+ Ke5 51. Qe1+ Qe4 52. Qa1+ Kf5 53. Rf2 Qd4 54. Qb1+ Kxg5 55. Qg1+ Kf5 56. Qg3 Qe5 57. Qh4 Ke6 58. Rxf4 1-0

[Event "Late-Titled-Tuesday-Blitz-August-29-2023"]
[Site "Chess.com"]
[Date "2023.08.29"]
[Round "8"]
[White "vladislavkovalev"]
[Black "BillieKimbah"]
[Result "0-1"]
[WhiteElo "2926"]
[BlackElo "3054"]
[TimeControl "180+1"]
[EndTime "15:28:21 PDT"]
[Termination "BillieKimbah won by resignation"]

1. d4 Nf6 2. Nf3 d5 3. Bf4 c5 4. e3 Nc6 5. Nbd2 e6 6. c3 Be7 7.
h3 Bd6 8. dxc5 Bxc5 9. Bd3 Bd6 10.
Bxd6 Qxd6 11. Qe2 O-O 12. e4 dxe4 13. Nxe4 Qe7 14. O-O-O Nd5 15. Bc2 Rd8 16. Rhe1 b6 17. g3 Bb7 18. h4 Rac8 19. Kb1 h6 20. h5 Rc7 21. Ned2 Rcd7 22. Nb3 Nf6 23. Rxd7 Rxd7 24.
Nfd4 Nxd4 25. Nxd4 Qc5 26. g4 Bd5 27. f4 Bc4 28. Qf3 Qd5 29. Qxd5 Bxd5 30. Rg1 Kf8 31. b3 a6 32. Kb2 b5 33. Rg3 Bb7 34. Rg1 Nd5 35.
Rf1 b4 36. cxb4 Nxb4 37. Rd1 Nd5 38. f5 e5 39. Nf3 f6 40. Be4 Ke7 41. Nh4 Ke8 42. Ng6 Rd6 43. b4 Kd7 44. Kb3 Bc6 45. Nf8+ Ke7 46. Ne6 Ba4+ 47. Kxa4 Nc3+ 48. Ka5 Rxd1 49.
Bb7 Nxa2 50. Bxa6 Ra1 51. Kb5 Nxb4 52. Bb7 Nc2 53. Nxg7 Rb1+ 54. Ka6 Ra1+ 55. Kb6 Rb1+ 56. Kc7 Nd4 57. Bd5 Rc1+ 58. Kb6 Rg1 59. Ne6 Nxe6 60. fxe6 Rxg4 0-1

[Event "Late-Titled-Tuesday-Blitz-August-29-2023"]
[Site "Chess.com"]
[Date "2023.08.29"]
[Round "8"]
[White "BlackBoarder"]
[Black "DishonorOnYourCow"]
[Result "1-0"]
[WhiteElo "2745"]
[BlackElo "2546"]
[TimeControl "180+1"]
[EndTime "15:28:24 PDT"]
[Termination "BlackBoarder won by resignation"]

1. e4 c5 2. Nf3 d6 3. c3 Nf6 4. h3 Nc6 5. Bd3 g6 6. O-O Bg7 7. Bc2 O-O 8. d4 cxd4 9. cxd4 Nb4 10. Bb3 Bd7 11. Nc3 Bc6 12. a3 Na6 13. Re1 Nc7 14. Bf4 Nb5 15. Nxb5 Bxb5 16. e5 dxe5 17.
dxe5 Qxd1 18. Raxd1 Nd7 19. e6 Nc5 20. exf7+ Kh8 21.
Re3 Nxb3 22. Rxb3 Ba4 23. Rdd3 Bxb3 24. Rxb3 Rxf7 25. Be3 e5 26. Rb5 e4 27. Ng5 Re7 28. h4 h6 29. Nh3 a6 30. Rb6 Kh7 31.
Nf4 g5 32. hxg5 hxg5 33. Nh3 g4 34. Ng5+ Kg8 35. Rg6 Rd8 36. Bc5 Re5 37. Bb4 Rde8 38.
Bc3 R5e7 39. Nxe4 Rxe4 40. Rxg7+ Kf8 41. Rxb7 R8e6 42. Kh2 Rc4 43. Kg3 Re2 44. Rb6 Ra4 45. Bb4+ Kf7 46. b3 Rxb4 47. Rxb4 Rb2 48. Ra4 Rxb3+ 49.
Kxg4 Rb2 50. Kg3 Rb3+ 51. f3 Rb6 52. Kf4 Rf6+ 53. Ke3 Ke6 54. g4 Kd5 55. g5 Re6+ 56. Kf4 Kc5 57. Kf5 Rc6 58. g6 Kb5 59. Rg4 Rc8 60.
g7 Rc5+ 61. Kf6 Rc6+ 62. Ke5 Rc5+ 63. Kd6 Rc6+ 64. Kd7 1-0

[Event "Late-Titled-Tuesday-Blitz-August-29-2023"]
[Site "Chess.com"]
[Date "2023.08.29"]
[Round "8"]
[White "Nf3c5"]
[Black "Bilan_Danila"]
[Result "1/2-1/2"]
[WhiteElo "2599"]
[BlackElo "2486"]
[TimeControl "180+1"]
[EndTime "15:28:27 PDT"]
[Termination "Game drawn - insufficient material"]

1. d4 d5 2. c4 c6 3. Nc3 Nf6 4. cxd5 cxd5 5. Bf4 Nc6 6. e3 Bf5 7. Rc1 a6 8. Nf3 e6 9. Qb3 Ra7 10. Be2 Bd6 11. Bg5 h6 12. Bh4 O-O 13. O-O Na5 14. Qd1 b5 15. Ne5 Rc7 16. Nd3 Nc4 17. b3 Nb6 18. Bg3 Bxg3 19. hxg3 Bxd3 20. Bxd3 Qd6 21.
Nb1 Rfc8 22. Qd2 Ne4 23. Bxe4 dxe4 24. Rxc7 Qxc7 25. Qe2 Nd5 26. Qg4 f5 27. Qg6 Qf7 28. Qxf7+ Kxf7 29. a4 b4 30. Nd2 Rc2 31. Nc4 g5 32. f3 exf3 33. gxf3 Nc3 34. Re1 Ne2+ 35. Kf1 Nxg3+ 36. Kg1 Ne2+ 37. Kf1 Nc3 38. e4 fxe4 39. fxe4 g4 40. Kg1 Ne2+ 41. Kf1 Nf4 42. Ne5+ Kf6 43. Nxg4+ Kg5 44. Ne3 Rc3 45. d5 exd5 46. Nxd5 Nxd5 47. exd5 Rxb3 48. Rd1 Rc3 49. d6 Rc8 50. d7 Rd8 51. Rd6 a5 52. Rd5+ Kf4 53. Rxa5 Rxd7 54. Rb5 Rd4 55. a5 Ke3 56. a6 Rd6 57. Ra5 Rd8 58.
a7 Ra8 59. Rb5 Kd3 60. Rxb4 Rxa7 61. Rb6 Rh7 62. Kg2 h5 63. Kh3 h4 64. Rb4 Rh6 65. Rxh4 Rxh4+ 66. Kxh4 1/2-1/2

[Event "Late-Titled-Tuesday-Blitz-August-29-2023"]
[Site "Chess.com"]
[Date "2023.08.29"]
[Round "8"]
[White "Zhigalko_Sergei"]
[Black "Athanasios2"]
[Result "1-0"]
[WhiteElo "2925"]
[BlackElo "2727"]
[TimeControl "180+1"]
[EndTime "15:28:29 PDT"]
[Termination "Zhigalko_Sergei won by resignation"]

1. e4 c5 2. Nf3 d6 3. d4 cxd4 4. Qxd4 Nc6 5. Bb5 Bd7 6. Bxc6 Bxc6 7. Nc3 Nf6 8. Bg5 e6 9. O-O-O Be7 10. Rhe1 O-O 11. Kb1 a6 12. Qd2 Qc7 13. Nd4 Rfd8 14. f3 Rac8 15. g4 b5 16. Nce2 Bb7 17. Ng3 Ne8 18.
h4 Qd7 19. Bxe7 Qxe7 20. g5 Rc5 21. Nb3 Rc7 22. h5 Rdc8 23. c3 d5 24. e5 b4 25.
cxb4 Rc2 26. Qd4 R2c4 27. Qg1 Qxg5 28. a3 d4 29. Nxd4 h6 30. Qf2 Qf4 31. Nge2 Qxe5 32.
f4 Qxh5 33. Rg1 Be4+ 34. Ka1 Bg6 35. f5 Bxf5 36. Nf4 Rc1+ 37. Rxc1 Rxc1+ 38. Rxc1 Qg5 39. Rg1 Qf6 40. Nh5 Qe5 41. Nxf5 exf5 42. Re1 Qb5 43. Qe2 Qxe2 44. Rxe2 Nd6 45. a4 g5 46. Nf6+ Kf8 47.
Nd7+ Kg7 48. Rd2 Ne4 49. Rd1 f4 50. b5 axb5 51. axb5 f3 52. b6 f2 53. b7 Ng3 54.
b8=Q f1=Q 55. Rxf1 Nxf1 56. Qe5+ 1-0

[Event "Late-Titled-Tuesday-Blitz-August-29-2023"]
[Site "Chess.com"]
[Date "2023.08.29"]
[Round "8"]
[White "Jaka_Brilej"]
[Black "Goryachkina"]
[Result "0-1"]
[WhiteElo "2505"]
[BlackElo "2644"]
[TimeControl "180+1"]
[EndTime "15:28:29 PDT"]
[Termination "Goryachkina won by resignation"]

1. d4 Nf6 2. Bg5 Ne4 3. h4 d5 4. Nd2 Nxd2 5. Qxd2 h6 6. Bf4 Bf5 7. e3 e6 8. Bd3 Bxd3 9. Qxd3 c6 10. h5 Qb6 11. O-O-O Na6 12. c3 O-O-O 13. Nf3 Bd6 14. Bxd6 Rxd6 15. Ne5 Qc7 16. Rh3 f6 17. Nf3 c5 18.
Kb1 Kb8 19. Rg3 Rc8 20. Rh1 Rd7 21. Rh4 cxd4 22. exd4 e5 23. Qf5 e4 24. Nd2 Re8 25. Rhg4 Ree7 26. Nf1 Qa5 27. Ne3 Qb5 28. c4 Qb4 29.
Nc2 Qxc4 30. Qf4+ Rc7 31. Rc3 Qf1+ 32. Qc1 Qxf2 33. Ne3 Rxc3 34. bxc3 Nc7 35. g3 Qe2 36. Nf5 Qxg4 37. Nxe7 Qxh5 38. Qf4 Qd1+ 39. Kb2 Qe2+ 40.
Kb1 e3 41. Qd6 Qb5+ 42. Kc1 Qe8 43. Nxd5 e2 44. Nxc7 e1=Q+ 45. Kb2 Q1e2+ 46. Ka3 Q8e7 47. Na6+ Kc8 48. Qxe7 Qxe7+ 49. Nb4 b6 50. Kb3 Qd6 51. c4 Qxg3+ 52. Ka4 h5 53. d5 h4 54. Kb5 h3 55.
Kc6 Qc7+ 56. Kb5 Qc5+ 57. Ka4 Qxb4+ 0-1

[Event "Late-Titled-Tuesday-Blitz-August-29-2023"]
[Site "Chess.com"]
[Date "2023.08.29"]
[Round "8"]
[White "WPWPWP-2015"]
[Black "whiteglovethief"]
[Result "1-0"]
[WhiteElo "2564"]
[BlackElo "2451"]
[TimeControl "180+1"]
[EndTime "15:28:31 PDT"]
[Termination "WPWPWP-2015 won on time"]

1. e4 e6 2. d4 d5 3. Nc3 Bb4 4.
a3 Bxc3+ 5. bxc3 dxe4 6. Qg4 Nf6 7. Qxg7 Rg8 8. Qh6 Rg6 9. Qe3 c5 10. dxc5 Qa5 11. Bd2 Nbd7 12. h3 Qxc5 13. Ne2 Nd5 14. Qxc5 Nxc5 15. c4 Nb6 16. Nc3 f5 17. Be3 Nba4 18. Nb5 Ke7 19. h4 Bd7 20. Bg5+ Kf7 21. Nd6+ Kf8 22. O-O-O Bc6 23. Be2 Nc3 24. Rd2 Nxe2+ 25. Rxe2 h6 26. Be3 b6 27. h5 Rxg2 28. Bxh6+ Ke7 29. Bf4 Rg4 30. Be5 Nd3+ 31. cxd3 exd3 32.
Ree1 Bxh1 33. Rxh1 d2+ 34. Kxd2 Rd8 35. f3 Rg2+ 36. Ke3 Rxd6 37. h6 f4+ 38. Kxf4 Rg8 39.
h7 Rf8+ 40. Ke3 Rc6 41. h8=Q Rxh8 42. Rxh8 Rxc4 43. Rh7+ Kd8 44. Rxa7 b5 45. f4 Kc8 46. Ra5 b4 47. axb4 Rxb4 48. Ra6 Kd7 49. Ra7+ Kc6 50. Ra6+ Kd7 51. Rd6+ Ke7 52. Rd4 Rb1 53. Ra4 Kf7 54. Kf3 Kg6 55. Ra8 Rf1+ 56. Ke2 Rb1 57. Rf8 Rb6 58.
Rf6+ Kh5 59. Kf3 Rb3+ 60. Ke4 Rb6 61. Rf8 Kg4 62. Rg8+ Kh5 63. Bd4 Rb5 64. Re8 Kg4 65. Rxe6 1-0

[Event "Late-Titled-Tuesday-Blitz-August-29-2023"]
[Site "Chess.com"]
[Date "2023.08.29"]
[Round "8"]
[White "DenizSeyhanoglu1"]
[Black "Roedor"]
[Result "0-1"]
[WhiteElo "2310"]
[BlackElo "2434"]
[TimeControl "180+1"]
[EndTime "15:28:35 PDT"]
[Termination "Roedor won by resignation"]

1. e4 e5 2. Nf3 Nc6 3. Nc3 Nf6 4. Bb5 Nd4 5. Ba4 Bc5 6. O-O O-O 7. d3 d6 8. h3 c6 9. Nxd4 Bxd4 10. Ne2 Bb6 11. Be3 d5 12. Ng3 Be6 13. Bxb6 axb6 14. Bb3 dxe4 15. dxe4 Bxb3 16. axb3 Qc7 17. Qe2 g6 18.
Rfd1 Rfd8 19. Rxa8 Rxa8 20. Qd3 Kg7 21. Kf1 Ra2 22. Qc3 Qe7 23. b4 h5 24. Qb3 Ra8 25. f3 Rd8 26. c3 h4 27. Ne2 Nh5 28. Qc2 Rd6 29. Ke1 Qd8 30. Rxd6 Qxd6 31. Qd2 Qe6 32. Kf2 Qc4 33. Nc1 Ng3 34. Qd3 Qe6 35. Ne2 Nh1+ 36.
Kg1 Ng3 37. Nxg3 hxg3 38. c4 Qe7 39. Qc3 Qd6 40. Qe1 Qd4+ 41. Kh1 Qf2 42. Qc1 c5 43. bxc5 bxc5 44. b3 b6 45. Qd1 Kh6 46. Qc1+ Kh5 47. Qd1 Kh4 48. Qd8+ Kh5 49. Qh8+ Kg5 50. Qxe5+ Kh6 51. Qf4+ Kg7 52. Qe5+ Kh7 53. Qa1 Qc2 54. Qe1 Qxb3 55. Qxg3 Qxc4 56. Qc7 b5 57. e5 b4 58. e6 Qxe6 59. Qxc5 b3 60. Qb4 Qe3 61. Qb7 Kg7 62. Kh2 Qe5+ 63. Kh1 b2 64. h4 Qe1+ 65. Kh2 b1=Q 0-1

[Event "Late-Titled-Tuesday-Blitz-August-29-2023"]
[Site "Chess.com"]
[Date "2023.08.29"]
[Round "8"]
[White "Onthequiet"]
[Black "NotFischer"]
[Result "1-0"]
[WhiteElo "2364"]
[BlackElo "2255"]
[TimeControl "180+1"]
[EndTime "15:28:35 PDT"]
[Termination "Onthequiet won by checkmate"]

1. d4 Nf6 2. Nf3 g6 3. Bg5 Bg7 4. Nbd2 d6 5. c3 Nbd7 6. e4 O-O 7. Be2 e5 8. dxe5 dxe5 9. O-O Re8 10. Re1 h6 11. Bh4 Nc5 12. Qc2 c6 13. h3 Qc7 14.
Nh2 Be6 15. Bxf6 Bxf6 16. Ng4 Bg7 17. Nf3 f5 18. exf5 gxf5 19. Ne3 Qf7 20. b3 Rad8 21. Bc4 Ne4 22. Rad1 Nd6 23. Rxd6 Rxd6 24. Nxf5 Rdd8 25. Nxg7 Kxg7 26. Nxe5 Qf5 27. Bd3 Qf6 28.
Qc1 Rf8 29. Qe3 Bd5 30. g3 Rde8 31. f4 Kh8 32. c4 Bf7 33. Qe4 Bg8 34. h4 Kg7 35. Kh2 Bh7 36. Qd4 Rxe5 37. Rxe5 Bxd3 38. Qxd3 Rf7 39. Qe4 Qg6 40. Re6 Qxe4 41. Rxe4 Kf6 42. Kh3 Rd7 43. Re5 Rd2 44. b4 Rxa2 45. b5 cxb5 46. Rxb5 b6 47. Rh5 Rc2 48. Rxh6+ Kg7 49.
Rd6 Rxc4 50. Rd7+ Kf6 51. Rxa7 b5 52. Rb7 b4 53. h5 Re4 54. Kg4 Rc4 55. Rb5 Kg7 56.
Rb6 Rd4 57. Kg5 Rd3 58. g4 b3 59. f5 Rg3 60. h6+ Kh7 61. Rb7+ Kh8 62. Kh5 Kg8 63. g5 Rh3+ 64. Kg6 Kf8 65. f6 b2 66. Rb8# 1-0

[Event "Late-Titled-Tuesday-Blitz-August-29-2023"]
[Site "Chess.com"]
[Date "2023.08.29"]
[Round "8"]
[White "jaskol95"]
[Black "Sinquefield"]
[Result "0-1"]
[WhiteElo "2570"]
[BlackElo "2456"]
[TimeControl "180+1"]
[EndTime "15:28:36 PDT"]
[Termination "Sinquefield won by checkmate"]

1. e4 e6 2. Nf3 d5 3. e5 c5 4. b4 d4 5. bxc5 Bxc5 6. Bd3 Nc6 7. c3 Nge7 8. O-O Ng6 9. cxd4 Nxd4 10. Nxd4 Qxd4 11. Bb5+ Bd7 12. Bxd7+ Qxd7 13. Bb2 O-O 14.
d4 Rfd8 15. Qb3 Bxd4 16. Bxd4 Qxd4 17. Nc3 Qxe5 18. Rfe1 Qf6 19. Ne4 Qe7 20. g3 b6 21.
h4 Rac8 22. h5 Nf8 23. h6 gxh6 24. Qb2 f5 25. Nf6+ Kf7 26. Nh5 Qg5 27. Nf4 Rc4 28.
Qe5 Qf6 29. Qe2 Re4 30. Qh5+ Kg8 31. Rec1 Ng6 32. Ng2 f4 33. Qf3 Red4 34. Re1 Rd3 35. Ne3 Qg7 36. Qe4 fxe3 37. Qxe6+ Qf7 38. Qxf7+ Kxf7 39. fxe3 Rd2 40. Rf1+ Kg7 41. Rf3 Rc2 42. Raf1 Rd7 43. e4 h5 44. Rf5 Rdd2 45. R1f3 Rg2+ 46.
Kh1 Rh2+ 47. Kg1 h4 48. gxh4 Rcg2+ 49. Kf1 Nxh4 50. Rf7+ Kg6 51. R3f6+ Kg5 52. Rf5+ Nxf5 53. Rxf5+ Kg4 54. Rf7 Kh3 55. Rxh7+ Kg3 56. Rg7+ Kf3 57. Rf7+ Ke3 58. e5 Rxa2 59. Kg1 Rag2+ 60. Kf1 Rf2+ 61. Kg1 Rxf7 62. e6 Re7 63. Kxh2 Rxe6 64. Kg3 Rf6 65. Kg2 Rf3 66. Kg1 b5 67. Kg2 b4 68. Kh2 b3 69.
Kg2 b2 70. Kh2 a5 71. Kg2 a4 72. Kh2 a3 73. Kg2 a2 74. Kh2 Rf4 75. Kg2 Rb4 76.
Kh2 Rb3 77. Kg2 Kd3 78. Kh2 Kc3 79. Kg2 Kb4 80. Kh2 Ka3 81. Kg2 a1=Q 82. Kh2 b1=Q 83. Kg2 Ka4 84. Kh2 Ka5 85. Kg2 Ka6 86. Kh2 Ka7 87. Kg2 Qaa2# 0-1

[Event "Late-Titled-Tuesday-Blitz-August-29-2023"]
[Site "Chess.com"]
[Date "2023.08.29"]
[Round "8"]
[White "dosto07"]
[Black "js20000"]
[Result "1/2-1/2"]
[WhiteElo "2515"]
[BlackElo "2640"]
[TimeControl "180+1"]
[EndTime "15:28:37 PDT"]
[Termination "Game drawn by repetition"]

1. e4 Nc6 2. Nf3 e6 3. d4 d5 4.
e5 f6 5. exf6 Nxf6 6. Bb5 Bd6 7.
O-O O-O 8. Bxc6 bxc6 9. b3 Ne4 10.
Ba3 Qf6 11. Re1 g5 12. Qe2 h5 13. c4 g4 14. Ne5 c5 15. cxd5 exd5 16. Nd2 cxd4 17.
Nec4 Bxh2+ 18. Kxh2 Qh4+ 19. Kg1 Nxf2 20. Nf3 gxf3 21. Qxf2 Qxf2+ 22. Kxf2 dxc4 23. Bxf8 Kxf8 24. bxc4 fxg2 25. Kxg2 Bb7+ 26. Kg3 Rd8 27. Rad1 Kf7 28. Re5 Kf6 29. Kf4 d3 30. Rxh5 Rd4+ 31. Ke3 Rxc4 32. Rxd3 Ke6 33. Rh2 Re4+ 34. Kd2 Re5 35. Re3 Rxe3 36.
Kxe3 Kd6 37. Kd4 c5+ 38. Kc3 Bd5 39. a3 Kc6 40. Rh6+ Kb5 41. Rh7 a5 42. Rd7 Bc6 43. Rc7 a4 44. Rc8 Bd5 45. Rb8+ Kc6 46. Ra8 Bb3 47.
Rb8 Kd5 48. Rf8 Ke5 49. Rh8 Kd5 50. Rh5+ Kd6 51. Rh6+ Kd5 52. Rh4 Kc6 53. Rh6+ Kb5 54. Rh8 Kc6 55. Rb8 Kd5 56. Rb5 Kc6 57. Ra5 Kb6 58.
Ra8 Kb7 59. Rf8 Kc6 60. Rf6+ Kd5 61. Rb6 Bc4 62. Rb2 Bb3 63. Rd2+ Kc6 64. Rd8 Kb5 65. Rb8+ Kc6 66. Rc8+ Kb5 67. Rh8 Kc6 68. Rh4 Kb5 69. Rh2 Kc6 70. Rb2 Kb5 71. Rd2 Kc6 72. Rf2 Kb5 73.
Rf4 Kc6 74. Rf2 Kb5 75. Rh2 Kc6 76. Rh4 Kb5 77. Rf4 Kc6 78. Rf2 1/2-1/2

[Event "Late-Titled-Tuesday-Blitz-August-29-2023"]
[Site "Chess.com"]
[Date "2023.08.29"]
[Round "8"]
[White "alexrustemov"]
[Black "sergoy"]
[Result "0-1"]
[WhiteElo "2882"]
[BlackElo "2979"]
[TimeControl "180+1"]
[EndTime "15:28:42 PDT"]
[Termination "sergoy won on time"]

1. d4 Nf6 2. c4 e6 3. Nf3 d5 4. cxd5 exd5 5. Nc3 c6 6. Qc2 Be7 7. Bg5 g6 8. e3 Bf5 9. Bd3 Bxd3 10. Qxd3 Nbd7 11.
Bh6 Bf8 12. Bf4 Nh5 13. Be5 Nxe5 14. Nxe5 Bd6 15. Nf3 O-O 16. O-O a5 17. h3 Re8 18.
Qc2 Nf6 19. a3 Qe7 20. Rab1 Kg7 21. Rfe1 h5 22. Re2 Bc7 23. Rbe1 Ne4 24. Nxe4 dxe4 25. Nd2 h4 26. Nf1 Rad8 27. Rc1 Rd5 28. Qd1 Red8 29. Rec2 Bd6 30. Nd2 Rg5 31. Kh1 Qe6 32. Qe2 Rb5 33. Qc4 Qf5 34. Qe2 Qe6 35. Qg4 Qxg4 36. hxg4 f5 37.
gxf5 gxf5 38. Kg1 Kf6 39. Kf1 Rg8 40. f3 exf3 41. Nxf3 Rb3 42. Re1 Re8 43. Ree2 Bg3 44. Rc3 Rxc3 45. bxc3 a4 46. c4 b5 47. c5 Re7 48.
Nd2 Rh7 49. e4 fxe4 50. Nxe4+ Kf5 51. Nxg3+ hxg3 52. Re3 Rd7 53. Rxg3 Rxd4 54. Ke2 Rc4 55. Rf3+ Ke5 56. Rf8 Rxc5 57. g4 Rc3 58. Re8+ Kd6 59. Rg8 Rxa3 60. g5 b4 61. g6 Rg3 62. g7 Kc5 63. Kf2 Rg6 64. Kf3 a3 65. Kf4 a2 66.
Kf5 Rxg7 67. Ra8 Rg2 68. Ke4 b3 69. Kd3 b2 70. Kc3 a1=Q 0-1

[Event "Late-Titled-Tuesday-Blitz-August-29-2023"]
[Site "Chess.com"]
[Date "2023.08.29"]
[Round "8"]
[White "Fan_Of_Chucky"]
[Black "JoshuaGK27"]
[Result "1/2-1/2"]
[WhiteElo "2499"]
[BlackElo "2411"]
[TimeControl "180+1"]
[EndTime "15:28:42 PDT"]
[Termination "Game drawn - insufficient material"]

1. d4 Nf6 2. c4 e6 3. Nf3 d5 4. g3 dxc4 5. Bg2 c5 6. O-O Nc6 7. Ne5 Bd7 8. Na3 cxd4 9. Naxc4 Be7 10. b3 O-O 11. Bb2 Rc8 12. Bxd4 b5 13. Nxd7 Qxd7 14. Bxf6 Qxd1 15. Raxd1 bxc4 16. Bxe7 Nxe7 17. bxc4 Rxc4 18. Rd7 Nc8 19. Rb1 g6 20. Rbb7 Rc2 21. Bh3 Rxe2 22. a4 Re5 23. Rdc7 a5 24. Rb5 Rxb5 25. axb5 Nd6 26.
b6 Rb8 27. b7 Rxb7 28. Rc5 Rb1+ 29.
Kg2 a4 30. Rc7 a3 31. Ra7 Ra1 32. Bg4 Kg7 33. Be2 h5 34. Ra6 Ra2 35. Bd3 Nb7 36.
Bc4 Ra1 37. Ra7 Nc5 38. Ra5 Ne4 39. Ra7 Nc3 40. Bxe6 a2 41. Rxf7+ Kh6 42. Ra7 Kg5 43. h4+ Kf6 44. Bc4 Ke5 45. Ra5+ Kd4 46. Bf7 Kd3 47. Bxg6+ Kd2 48. Bf7 Kc2 49. f3 Kb2 50. Bxa2 Rxa2 51. Rxa2+ Kxa2 52. g4 Kb3 53. gxh5 Nd5 54. Kg3 Kc4 55.
Kg4 Nf6+ 56. Kg5 Nh7+ 57. Kg6 Nf8+ 58. Kg7 Ne6+ 59. Kf6 Nf8 60. h6 Kd5 61. f4 Ke4 62.
f5 Kf4 63. Kg7 Kxf5 64. h5 Kg5 65. h7 Nxh7 66. h6 Nf6 67. Kf7 Kxh6 1/2-1/2

[Event "Late-Titled-Tuesday-Blitz-August-29-2023"]
[Site "Chess.com"]
[Date "2023.08.29"]
[Round "8"]
[White "pedromartinez91"]
[Black "kinga2008"]
[Result "0-1"]
[WhiteElo "2488"]
[BlackElo "2418"]
[TimeControl "180+1"]
[EndTime "15:28:42 PDT"]
[Termination "kinga2008 won by resignation"]

1. e4 c5 2. Nf3 Nc6 3. d4 cxd4 4. Nxd4 e5 5. Nb5 a6 6. Nd6+ Bxd6 7. Qxd6 Qf6 8. Qd2 Qg6 9. Nc3 d5 10. Nxd5 Qxe4+ 11. Ne3 Nf6 12. Bd3 Qh4 13. O-O Be6 14. Qe1 O-O 15. f3 Qd4 16. Kh1 Nb4 17. Bxh7+ Kxh7 18. c3 Nd3 19. cxd4 Nxe1 20. Rxe1 exd4 21. Nc2 Rfd8 22. Bg5 d3 23. Ne3 Rac8 24. Red1 Rc5 25. Bxf6 gxf6 26. Rd2 f5 27. g3 Re5 28. Re1 Bxa2 29. Kg1 b5 30. Kf2 Bc4 31. Ra1 Rde8 32. Re1 Kg6 33. f4 Re4 34. Rdd1 Rc8 35. Kf3 Rd4 36.
Rd2 Bb3 37. h3 a5 38. g4 fxg4+ 39. hxg4 b4 40. Nf5 Rd7 41. Ne7+ Rxe7 42. Rxe7 Bc2 43. Ra7 a4 44. Ra6+ Kg7 45. f5 a3 46. bxa3 b3 47.
Rb6 Ra8 48. Kf4 Rxa3 49. Kg5 f6+ 50. Kf4 Ra2 51. Rb7+ Kg8 52. g5 b2 53. Rb8+ Kg7 54. Rb7+ Kg8 55. Rb8+ Kf7 56. Rh2 fxg5+ 57. Kxg5 Ke7 58. Rb6 b1=Q 59. Rh7+ Kd8 60. Rg6 Qg1+ 61. Kf6 Ra6+ 62. Kf7 Rxg6 63. fxg6 Qxg6+ 64. Kxg6 d2+ 65. Kg7 Bxh7 66. Kxh7 d1=Q 0-1

[Event "Late-Titled-Tuesday-Blitz-August-29-2023"]
[Site "Chess.com"]
[Date "2023.08.29"]
[Round "8"]
[White "WildBizon"]
[Black "platy3"]
[Result "0-1"]
[WhiteElo "2714"]
[BlackElo "2911"]
[TimeControl "180+1"]
[EndTime "15:28:43 PDT"]
[Termination "platy3 won by resignation"]

1. e4 e5 2. Nf3 Nc6 3. Bb5 a6 4. Ba4 Nf6 5. O-O Be7 6. d3 d6 7. c3 O-O 8. h3 Re8 9. Re1 Bf8 10.
Nbd2 b5 11. Bc2 Bb7 12. Nf1 Ne7 13. Ng3 Ng6 14. a4 c5 15. axb5 axb5 16. Bg5 h6 17. Be3 d5 18. Rxa8 Qxa8 19. Qb1 c4 20. dxc4 dxc4 21.
Nd2 Rd8 22. b3 cxb3 23. Qxb3 Bc6 24. c4 b4 25. c5 Rb8 26. Nc4 Qa7 27. Nb6 Qa5 28.
Qc4 b3 29. Bxb3 Qxe1+ 30. Kh2 Rb7 31. Qa6 Qc3 32. Bd5 Bxc5 33. Bxc6 Rxb6 34. Qc8+ Kh7 35. Bd5 Ne7 36. Qxc5 Qxc5 37. Bxc5 Nexd5 38. exd5 Rb5 39. Be3 Nxd5 40. Bd2 Rb2 41. Be1 g6 42. Ne4 Re2 43.
Nc3 Nxc3 44. Bxc3 f6 45. Kg3 Rc2 46. Ba5 g5 47. Kf3 Kg6 48. g4 Ra2 49. Bb6 h5 50. Bd8 Ra3+ 51. Kg2 Rd3 52. Be7 f5 53. gxf5+ Kxf5 54. Bb4 e4 55. Bc5 Kf4 56. Ba7 g4 57. h4 Kf5 58. Bb8 e3 59. fxe3 Rxe3 60. Bg3 Ke4 61. Bf2 Rf3 62. Bg1 Rh3 63. Bf2 Kf4 64.
Be1 Rd3 65. Bf2 g3 66. Be1 Kg4 67. Ba5 Kxh4 68. Bc7 Kg4 69. Kf1 h4 70. Ke2 Rd7 71.
Bb6 h3 72. Bg1 h2 73. Bxh2 gxh2 0-1

[Event "Late-Titled-Tuesday-Blitz-August-29-2023"]
[Site "Chess.com"]
[Date "2023.08.29"]
[Round "8"]
[White "Firouzja2003"]
[Black "artin10862"]
[Result "1-0"]
[WhiteElo "3116"]
[BlackElo "2877"]
[TimeControl "180+1"]
[EndTime "15:28:49 PDT"]
[Termination "Firouzja2003 won on time"]

1. e4 c5 2. Nf3 d6 3. d4 cxd4 4. Nxd4 Nf6 5. Nc3 a6 6. Bg5 e6 7. f3 Be7 8. Qd2 b5 9. Be3 Bb7 10. a4 b4 11. Na2 a5 12. c3 bxc3 13. Bb5+ Nbd7 14. Nxc3 O-O 15. O-O Rc8 16. Rac1 Ne5 17. Nce2 d5 18. Rxc8 Bxc8 19. Bf4 Ng6 20. Nc6 Bc5+ 21.
Be3 Qb6 22. Bxc5 Qxc5+ 23. Qd4 Qxd4+ 24. Nexd4 e5 25. Nb3 dxe4 26. Nbxa5 Nf4 27. Nxe5 e3 28. Re1 Rd8 29. Rxe3 Rd1+ 30. Bf1 Nh3+ 31. gxh3 Bxh3 32. Kf2 Rxf1+ 33. Kg3 Be6 34. Nac6 Nh5+ 35. Kg2 Rb1 36. Nd3 g5 37. Re1 Nf4+ 38. Kg3 Rxe1 39. Nxe1 Bd7 40.
Nd4 Bxa4 41. b4 Kf8 42. h4 h6 43. hxg5 hxg5 44. b5 Ke7 45. Kg4 f6 46. Kf5 Nd5 47.
Nd3 Ne3+ 48. Kg6 Bc2 49. Nxc2 Nxc2 50. b6 Nd4 51. b7 Nc6 52. Nb4 Nb8 53. Nd5+ Kd6 54.
Nxf6 Kc7 55. Ne4 Kxb7 56. Nxg5 Kc6 57. f4 Kd6 58. Ne4+ Ke7 59. Kg7 Nd7 60. f5 Ke8 61.
Nf6+ Nxf6 62. Kxf6 Kf8 63. Kg6 Kg8 64. Kf6 Kf8 65.
Kg6 Kg8 66. f6 Kh8 67. Kf7 Kh7 68. Ke7 1-0